 Dungeon Crawl Stone Soup version 0.26-a0-631-ged93497179 (webtiles) character file.

Game seed: 13188521058792869353

1040 MrRokkomies the Skirmisher (level 7, 0/64 HPs)
             Began as a Demigod Delver on Sept 13, 2020.
             Killed by nerve-wracking pain
             ... invoked by an orc priest
              (8 damage)
             ... on level 6 of the Dungeon.
             The game lasted 00:12:23 (5700 turns).

MrRokkomies the Skirmisher (Demigod Delver)         Turns: 5700, Time: 00:12:25

Health: 0/64       AC:  8    Str: 17    XL:     7   Next: 74%
Magic:  0/9        EV: 13    Int: 16    God:
Gold:   415        SH:  0    Dex: 17    Spells: 6/6 levels left

rFire    + + .     SeeInvis +   v - +1 trident (vorpal)
rCold    . . .     Faith    .   (no shield)
rNeg     . . .     Spirit   +   k - +3 ring mail {rF+}
rPois    .         Reflect  .   (no helmet)
rElec    .         Harm     .   (no cloak)
rCorr    .         Rampage  .   (no gloves)
MR       .....                  (no boots)
Stlth    ++........             n - amulet of guardian spirit
HPRegen  0.20/turn              r - ring of see invisible
MPRegen  0.11/turn              w - ring of protection from fire

@: mighty, hasted, very quick
A: high mp 1
a: no special abilities


You were on level 6 of the Dungeon.
You visited 1 branch of the dungeon, and saw 6 of its levels.

You collected 415 gold pieces.

Inventory:

Hand Weapons
 a - a +0 falchion
 v - a +1 vorpal trident (weapon)
Missiles
 p - 7 boomerangs (quivered)
 u - 7 poisoned darts
Armour
 b - a +0 leather armour
 k - a +3 ring mail of fire resistance (worn)
Jewellery
 e - an uncursed ring of stealth
 f - a +4 ring of evasion
 n - an amulet of guardian spirit (around neck)
 r - a ring of see invisible (left hand)
 w - a ring of protection from fire (right hand)
Wands
 g - a wand of digging (2)
 j - a wand of flame (1)
Scrolls
 c - 2 scrolls of fog
 d - a scroll of immolation
 h - a scroll of remove curse
 l - 5 scrolls of identify
 q - a scroll of magic mapping
 y - a scroll of enchant weapon
Potions
 i - a potion of haste
 s - a potion of degeneration
 t - a potion of stabbing
 x - a potion of mutation


   Skills:
 * Level 6.9 Fighting
 - Level 4.0 Long Blades
 + Level 4.7 Dodging
 - Level 4.5 Stealth


You had 6 spell levels left.
You didn't know any spells.
Your spell library was empty.

Dungeon Overview and Level Annotations

Branches:
Dungeon (6/15)             Temple (0/1) D:5

Annotations:
D:5 1 runed translucent door


Innate Abilities, Weirdness & Mutations

You have an increased reservoir of magic. (+10% MP)


Message History

You puncture the adder skeleton!
You destroy the adder skeleton!
The leopard gecko bites you.
* * * LOW HITPOINT WARNING * * *
You puncture the orc priest!
The orc priest is heavily wounded.
The orc priest barely misses you.
The leopard gecko completely misses you.
You completely miss the orc priest.
The orc priest is heavily wounded.
The leopard gecko completely misses you.
The orc priest closely misses you.
You hit the orc priest.
The orc priest is almost dead.
You hear the slow rusting of a distant drain.
The leopard gecko bites you.
* * * LOW HITPOINT WARNING * * *
The orc priest mumbles some strange prayers to Beogh against you.
Pain shoots through your body!
You die...

##### .. #...# ...
#...# ...##...#
........# #
........####..#
......!oo@lo..#
##########...###...#
#........#.!.###...#
#........###.#.......
#........# #..........
#........###o...#.....
#.....o.....o...# .
#........###.o..#
#........# .....#


You could see an orc priest, an orc wizard (invisible), an orc and a leopard
gecko.

Vanquished Creatures
  An orc warrior (D:6)
  A sky beast (D:5)
  4 ogres
  A centaur zombie (D:5)
  A hound (D:4)
  An orc priest (D:4)
  2 orc wizards
  A bullfrog skeleton (D:5)
  An iguana (D:6)
  2 worker ants
  7 gnolls (D:2)
  7 adders
  3 oozes
  2 adder skeletons
  6 worms
  3 dart slugs
  2 leopard geckos
  4 orcs
  8 bats
  5 giant cockroaches
  3 goblins
  9 hobgoblins
  5 jackals
  3 quokkas
  7 frilled lizards
  A goblin skeleton (D:5)
  11 kobolds
  A kobold skeleton (D:5)
  9 rats
111 creatures vanquished.

Vanquished Creatures (others)
  An orc wizard (D:4)
1 creature vanquished.

Grand Total: 112 creatures vanquished

Notes
Turn   | Place    | Note
-------+----------+-------------------------------------------
     0 | D:5      | MrRokkomies the Demigod Delver began the quest for the Orb.
     0 | D:5      | Reached XP level 1. HP: 18/18 MP: 3/3
   118 | D:4      | Noticed a worker ant
   278 | D:4      | Noticed an ogre
   370 | D:4      | Killed a worker ant
   370 | D:4      | Reached skill level 3 in Fighting
   370 | D:4      | Reached XP level 2. HP: 13/26 MP: 4/4
   680 | D:4      | Noticed an ogre
   751 | D:3      | Found a stormy altar of Qazlal.
   782 | D:3      | Reached XP level 3. HP: 30/31 MP: 5/5
  1835 | D:2      | Reached XP level 4. HP: 18/39 MP: 6/6
  2227 | D:2      | Reached skill level 4 in Fighting
  2255 | D:2      | Reached XP level 5. HP: 32/46 MP: 7/7
  3875 | D:3      | Found a shimmering blue altar of Sif Muna.
  3881 | D:3      | Found a bloodstained altar of Trog.
  3885 | D:3      | Found a sacrificial altar of Ru.
  3891 | D:3      | Found a sparkling altar of Nemelex Xobeh.
  3895 | D:3      | Found an iron altar of Okawaru.
  3901 | D:3      | Found an ancient bone altar of Kikubaaqudgha.
  3905 | D:3      | Found a hide-covered altar of Uskayaw.
  4204 | D:4      | Killed an ogre
  4204 | D:4      | Reached XP level 6. HP: 53/53 MP: 8/8
  4503 | D:4      | Reached skill level 5 in Fighting
  4550 | D:4      | Reached XP level 7. HP: 27/62 MP: 9/9
  4917 | D:5      | Reached skill level 6 in Fighting
  5283 | D:5      | Found a staircase to the Ecumenical Temple.
  5601 | D:5      | Found a runed translucent door.
  5601 | D:5      | Noticed a human
  5605 | D:5      | Found a basalt altar of Yredelemnul.
  5700 | D:6      | Killed from afar by an orc priest

Illustrated notes

Levels and vault maps discovered:
D:1:      psy_arrival_radial01, layout_basic
D:2:      layout_loops_corners, minmay_hexomino_c4
D:3:      lemuel_upstairs_altar, layout_loops_ring,
          grunt_temple_overflow_octagram
D:4:      layout_basic
D:5:      layout_basic, minmay_temple_entry_waves, dk_yredelemnul_ordeal
D:6:      layout_basic, lightli_sewer_entry_pipes, tgw_xom

Skill      XL: |  1  2  3  4  5  6  7 |
---------------+----------------------+-----
Fighting       | 3 4 5 6 |  6.9
Long Blades    | 2 3 4 |  4.0
Dodging        | 2 3 4 |  4.7
Stealth        | |  4.5

Action                   |  1- 3 |  4- 6 |  7- 9 || total
-------------------------+-------+-------+-------++-------
Melee: Falchion          |    93 |   169 |       ||   262
       Trident           |       |    32 |    72 ||   104
Throw: Boomerang         |       |     5 |     2 ||     7
Evoke: Wand              |     4 |     6 |       ||    10
  Use: Potion            |     3 |       |     3 ||     6
       Scroll            |     2 |     8 |     4 ||    14
 Stab: Sleeping          |     5 |     8 |     1 ||    14
       Fleeing           |     1 |       |       ||     1
Armor: Ring mail         |    28 |    58 |    21 ||   107
Dodge: Dodged            |    87 |   190 |    80 ||   357
       Rpst.: Falchion   |    29 |    53 |       ||    82

Table legend: (Time is in decaauts)
 A = Elapsed time spent in this place.
 B = Non-inter-level travel time spent in this place.
 C = Inter-level travel time spent in this place.
 D = Time resting spent in this place.
 E = Time spent auto-exploring this place.
 F = Levels seen in this place.
 G = Mean time per level.
                   A        B        C        D        E       F      G
               +--------+--------+--------+--------+--------+-----+--------+
         Total |   5741 |   5555 |    186 |    833 |   3635 |   6 |  956.8 |
       Dungeon |   5741 |   5555 |    186 |    833 |   3635 |   6 |  956.8 |
               +--------+--------+--------+--------+--------+-----+--------+

Top non-repeatable levels by time:
     D:4: 1360 daAuts
     D:2: 1347 daAuts
     D:3: 1283 daAuts
     D:5: 875 daAuts
     D:1: 825 daAuts
     D:6: 49 daAuts
